 Seeded DCSS version 0.29-a0-23-ga79f92ac9c (webtiles) character file.

Game seed: 10000000000011 (custom seed)

254 knot the Chopper (level 5, -7/36 (41) HPs)
             Began as a Demonspawn Berserker on Jan 31, 2022.
             Was a Believer of Trog.
             Mangled by Duvessa (12 damage)
             ... on level 4 of the Dungeon.
             The game lasted 00:02:39 (3421 turns).

knot the Chopper (Demonspawn Berserker)             Turns: 3421, Time: 00:02:40

HP:   -7/36 (41)    AC:  5    Str: 18    XL:     5   Next: 90%
MP:   5/5           EV: 11    Int: 10    God:    Trog [**....]
Gold: 119           SH:  5    Dex: 12    Spells: 4/4 levels left

rFire   . . .      SeeInvis .   a - +0 hand axe
rCold   . . .      Faith    .   (no shield)
rNeg    . . .      Spirit   .   m - +0 ring mail
rPois   .          Reflect  +   (no helmet)
rElec   .          Harm     .   (no cloak)
rCorr   .          Rampage  .   (no gloves)
Will    .....                   (no boots)
Stlth   +.........              d - amulet of reflection
HPRegen 0.12/turn               (no ring)
MPRegen 0.18/turn               (no ring)

@: heavily drained
A: magic regeneration, demonic touch 1
a: Renounce Religion, Berserk, Trog's Hand


You were on level 4 of the Dungeon.
You worshipped Trog.
Trog was pleased with you.
You visited 1 branch of the dungeon, and saw 4 of its levels.

You collected 119 gold pieces.

Inventory:

Hand Weapons
 a - a +0 hand axe (weapon)
Missiles
 f - 91 stones (quivered)
 l - 2 poisoned darts
 p - 4 boomerangs
Armour
 m - a +0 ring mail (worn)
Jewellery
 d - an amulet of reflection (around neck)
Wands
 o - a wand of polymorph (3)
Scrolls
 b - a scroll of fog {unknown}
 c - a scroll of amnesia {unknown}
 k - 2 scrolls of identify {unknown}
 n - 2 scrolls of blinking {unknown}
Potions
 e - a potion of curing {unknown}
 g - a potion of lignification {unknown}
 h - a potion of might {unknown}


   Skills:
 - Level 3.0 Fighting
 + Level 6.1 Axes
 - Level 1.7 Armour
 - Level 1.7 Dodging


You had 4 spell levels left.
You didn't know any spells.
Your spell library contained the following spells:

 Spells                   Type           Power      Damage    Failure   Level
 Corpse Rot               Necr/Air       0%         N/A       69%         2
 Ensorcelled Hibernation  Hex/Ice        0%         N/A       69%         2
 Passwall                 Tmut/Erth      0%         N/A       69%         2
 Poisonous Vapours        Pois/Air       0%         N/A       69%         2
 Swiftness                Air            0%         N/A       89%         3


Dungeon Overview and Level Annotations

Branches:
Dungeon (4/15)             Temple (0/1) D:4

Altars:

Shops:
D:3 [

Annotations:
D:4 Dowan, Duvessa


Innate Abilities, Weirdness & Mutations

You regenerate magic rapidly.
Your touch may inflict minor irresistible damage on your foes.


Message History

Dowan gestures at Duvessa while chanting.
Duvessa seems to speed up.
Dowan says, "My weaknesses are her strengths!"
Dowan gestures wildly while chanting.
Dowan blinks!
Duvessa barely misses you.
Aiming: Polymorph
Press: ? - help, Shift-Dir - straight line, f/p - Duvessa
Aim: Duvessa, wielding a +2 short sword of draining and wearing a +0 ring mail (fast, will become a river rat, a scorpion, or a wolf, chance to affect: 31%) Duvessa easily resists.
Duvessa hits you with a +2 short sword of draining!
* * * LOW HITPOINT WARNING * * *
You feel drained.
* * * LOW HITPOINT WARNING * * *
It was a potion of magic.
Magic courses through your body. You block Duvessa's attack.
Duvessa barely misses you.
It was a potion of heal wounds.
You feel much better. Duvessa misses you.
Aiming: Polymorph
Press: ? - help, Shift-Dir - straight line, f/p - Duvessa
Aim: Duvessa, wielding a +2 short sword of draining and wearing a +0 ring mail (fast, will become a river rat, a scorpion, or a wolf, chance to affect: 31%) Duvessa easily resists.
Duvessa says, "Did you see that move?
Perfect!"
Duvessa hits you with a +2 short sword of draining.
You feel drained. Duvessa barely misses you.
Aiming: Polymorph
Press: ? - help, Shift-Dir - straight line, f/p - Duvessa
Aim: Duvessa, wielding a +2 short sword of draining and wearing a +0 ring mail (fast, will become a river rat, a scorpion, or a wolf, chance to affect: 31%) Duvessa easily resists.
Duvessa hits you with a +2 short sword of draining!
You feel drained.
* * * LOW HITPOINT WARNING * * *
Aiming: Polymorph
Press: ? - help, Shift-Dir - straight line, f/p - Duvessa
Aim: Duvessa, wielding a +2 short sword of draining and wearing a +0 ring mail (fast, will become a river rat, a scorpion, or a wolf, chance to affect: 31%) Duvessa easily resists.
Duvessa hits you with a +2 short sword of draining.
* * * LOW HITPOINT WARNING * * *
You feel drained.
* * * LOW HITPOINT WARNING * * *
Duvessa hits you with a +2 short sword of draining!
You die...

#....'.>.'....# ###.##
#.####⌠.⌠###### # #.#
###'### #.# ###.### #
#)# #.# ######## #.#
......######.###
.####.....#..#.#######
.# ##.##.....ee@....#
.# #.##.####.#####....
.#####.##. #.# #
.##....## #.# .....<.#
#.# ###....# #.#
#....# #.# #....# #.#
#....#


You could see Duvessa (fast) and Dowan.

Vanquished Creatures
  An ogre (D:3)
  An orc priest (D:4)
  A centaur skeleton (D:4)
  5 adders
  2 orcs (D:4)
  6 endoplasms
  2 giant cockroaches
  4 goblins
  5 hobgoblins
  14 jackals
  A ball python (D:2)
  7 bats
  5 frilled lizards
  3 kobolds
  5 rats
62 creatures vanquished.

Notes
Turn   | Place    | Note
-------+----------+-------------------------------------------
     0 | D:1      | knot the Demonspawn Berserker began the quest for the Orb.
     0 | D:1      | Reached XP level 1. HP: 18/18 MP: 1/1
   151 | D:1      | Reached skill level 3 in Axes
   222 | D:1      | Gained mutation: You regenerate magic rapidly. [demonic
                  | ancestry]
   222 | D:1      | Reached XP level 2. HP: 20/24 MP: 2/2
   599 | D:1      | Reached ** piety under Trog
  1157 | D:2      | Gained mutation: Your touch may inflict minor irresistible
                  | damage on your foes. [demonic ancestry]
  1157 | D:2      | Reached XP level 3. HP: 29/29 MP: 3/3
  1334 | D:2      | Reached skill level 4 in Axes
  1879 | D:2      | Reached XP level 4. HP: 12/35 MP: 4/4
  2424 | D:3      | Noticed an ogre
  2431 | D:3      | Killed an ogre
  2432 | D:3      | Reached skill level 5 in Axes
  2432 | D:3      | Reached XP level 5. HP: 37/41 MP: 5/5
  2612 | D:3      | Found Daocsar's Antique Armour Emporium.
  3290 | D:4      | Found a staircase to the Ecumenical Temple.
  3319 | D:4      | Reached skill level 6 in Axes
  3386 | D:4      | Noticed Duvessa
  3386 | D:4      | Noticed Dowan
  3421 | D:4      | Mangled by Duvessa

Illustrated notes

Levels and vault maps discovered:
D:1:      lordsloth_arrival_two_stooges, layout_basic, grunt_decor_fettered,
          minmay_misc_feat_diagonals, nicolae_concentric_dashed_squares_wild
D:2:      layout_rooms, hangedman_decor_clover_reticule
D:3:      layout_basic, serial_shops, shop, kennysheep_path_1
D:4:      layout_rooms, temple_doors_e, uniq_duvessa, uniq_ijyb

Skill      XL: |  1  2  3  4  5 |
---------------+----------------+-----
Axes           | 3 4 5 6 |  6.1
Fighting       | |  3.0
Armour         | |  1.7
Dodging        | |  1.7

Action                   |  1- 3 |  4- 6 || total
-------------------------+-------+-------++-------
Melee: Hand axe          |    91 |    65 ||   156
       Punch             |     1 |       ||     1
       Touch             |     9 |    13 ||    22
Invok: Berserk           |     2 |     3 ||     5
Evoke: Wand              |       |     5 ||     5
  Use: Potion            |       |     2 ||     2
 Stab: Sleeping          |     2 |       ||     2
Armor: Animal skin       |    19 |     1 ||    20
       Ring mail         |       |    19 ||    19
Dodge: Dodged            |    58 |    44 ||   102
Block: Other             |       |    14 ||    14
       Reflection        |       |     1 ||     1

Table legend: (Time is in decaauts)
 A = Elapsed time spent in this place.
 B = Non-inter-level travel time spent in this place.
 C = Inter-level travel time spent in this place.
 D = Time resting spent in this place.
 E = Time spent auto-exploring this place.
 F = Levels seen in this place.
 G = Mean time per level.
                   A        B        C        D        E       F      G
               +--------+--------+--------+--------+--------+-----+--------+
         Total |   3486 |   3368 |    118 |    981 |   1949 |   4 |  871.5 |
       Dungeon |   3486 |   3368 |    118 |    981 |   1949 |   4 |  871.5 |
               +--------+--------+--------+--------+--------+-----+--------+

Top non-repeatable levels by time:
     D:1: 1209 daAuts
     D:2: 1127 daAuts
     D:3: 896 daAuts
     D:4: 252 daAuts
